 Dungeon Crawl Stone Soup version 0.26.1-2-gb8aa6d0cf2 (webtiles) character file.

Game seed: 16612024263118092111

128 Gadfly the Skirmisher (level 5, -2/54 HPs)
             Began as an Ogre Monk on Feb 11, 2021.
             Killed from afar by a white imp (12 damage)
             ... with a puff of frost
             ... on level 3 of the Dungeon.
             The game lasted 00:03:44 (2747 turns).

Gadfly the Skirmisher (Ogre Monk)                   Turns: 2747, Time: 00:03:45

Health: -2/54      AC:  3    Str: 22    XL:     5   Next: 11%
Magic:  6/6        EV: 10    Int: 11    God:
Gold:   137        SH:  0    Dex: 11    Spells: 4/4 levels left

rFire    . . .     SeeInvis .   a - +0 mace
rCold    . . .     Faith    .   (no shield)
rNeg     . . .     Spirit   .   b - +0 robe
rPois    .         Reflect  .   (helmet restricted)
rElec    .         Harm     .   (no cloak)
rCorr    +         Rampage  .   (gloves unavailable)
Will     .....                  (boots unavailable)
Stlth    ++........             (no amulet)
HPRegen  0.18/turn              o - +6 ring of strength
MPRegen  0.10/turn              j - ring of resist corrosion

@: no status effects
A: large, unfitting armour, tough skin 1
a: no special abilities


You were on level 3 of the Dungeon.
You visited 1 branch of the dungeon, and saw 3 of its levels.

You collected 137 gold pieces.

Inventory:

Hand Weapons
 a - a +0 mace (weapon)
 d - a +1 dagger of flaming
 n - a +0 short sword of freezing
Missiles
 k - 78 stones (quivered)
Armour
 b - a +0 robe (worn)
Jewellery
 j - a ring of resist corrosion (right hand)
 o - a +6 ring of strength (left hand)
Wands
 c - a wand of random effects (16)
Scrolls
 e - 4 scrolls of remove curse
 g - a scroll of blinking {unknown}
Potions
 f - a potion of curing
 h - a potion of flight {unknown}
 i - a potion of heal wounds
 l - a potion of mutation {unknown}
 m - a potion of attraction {unknown}


   Skills:
 - Level 4.0 Fighting
 + Level 3.1 Maces & Flails
 * Level 2.0 Throwing
 * Level 1.6 Armour
 - Level 2.6 Dodging
 - Level 1.4 Stealth
 * Level 1.9 Invocations
 * Level 1.5 Evocations


You had 4 spell levels left.
You didn't know any spells.
Your spell library was empty.

Dungeon Overview and Level Annotations

Branches:
Dungeon (3/15)

Altars:
Elyvilon
Gozag
Kikubaaqudgha
Ru
Trog
Wu Jian
Xom
The Shining One


Innate Abilities, Weirdness & Mutations

You are too large for most types of armour.
You have tough skin. (AC +1)


Message History

You closely miss the white imp.
The white imp is almost dead.
The white imp hits you. The white imp freezes you. The orc closely misses you.
You are too injured to fight recklessly!
You are too injured to fight recklessly!
You are too injured to fight recklessly!
You are too injured to fight recklessly!
You are too injured to fight recklessly!
You are too injured to fight recklessly!
Unknown command.
You closely miss the orc. The white imp gestures at you.
The puff of frost hits you. The orc closely misses you.
You barely miss the white imp.
The white imp is almost dead.
The white imp closely misses you. The orc hits you with a +0 flail!
* * * LOW HITPOINT WARNING * * *
The white imp gestures at you. The puff of frost hits you!
You die...

.....########.##### #...
########......###....##..
.##...............?...
..†.................#
...#####...##......####
##.....##.####........#.
##.###..#..##...........
##.. ##.#....))......
##.. #......@o...... ##.
#.......5......
...............((.#
...###............. ..#
##...........# .
###.......... ###.......#
........#


You could see a white imp and an orc.

Vanquished Creatures
  A hound (D:2)
  Jessica (D:3)
  An ooze (D:3)
  A worm (D:2)
  A leopard gecko (D:1)
  7 orcs (D:3)
  8 bats
  4 giant cockroaches
  8 goblins
  5 hobgoblins
  3 jackals (D:3)
  A quokka (D:2)
  3 frilled lizards
  5 kobolds (D:2)
  5 rats
54 creatures vanquished.

Vanquished Creatures (others)
  An octopode (D:1)
  A vine stalker (D:1)
  An elf (D:1)
  2 trolls (D:1)
  A formicid (D:1)
  A human (D:1)
  2 nagas (D:1)
  3 mummies (D:1)
  An orc (D:1)
  2 kobolds (D:1)
  6 tentacles (D:1)
21 creatures vanquished.

Grand Total: 75 creatures vanquished

Notes
Turn   | Place    | Note
-------+----------+-------------------------------------------
     0 | D:1      | Gadfly the Ogre Monk began the quest for the Orb.
     0 | D:1      | Reached XP level 1. HP: 24/24 MP: 1/1
     2 | D:1      | Noticed a vine stalker
     2 | D:1      | Noticed an elf
     2 | D:1      | Noticed an octopode
     2 | D:1      | Noticed a human
     2 | D:1      | Noticed a kraken
     2 | D:1      | Noticed a formicid
     2 | D:1      | Noticed a naga
     2 | D:1      | Noticed a troll
     2 | D:1      | Noticed a troll
     2 | D:1      | Noticed a naga
     4 | D:1      | Killed a troll
     5 | D:1      | Killed a troll
     6 | D:1      | Killed a vine stalker
     8 | D:1      | Killed an elf
     9 | D:1      | Killed a naga
    10 | D:1      | Killed an octopode
    11 | D:1      | Killed a naga
    14 | D:1      | Killed a formicid
    14 | D:1      | Killed a human
   167 | D:1      | Reached XP level 2. HP: 15/32 MP: 2/2
  1060 | D:2      | Reached skill level 1 in Invocations
  1117 | D:2      | Reached XP level 3. HP: 22/39 MP: 3/3
  1315 | D:2      | Reached skill level 1 in Throwing
  1586 | D:2      | Reached skill level 1 in Evocations
  1966 | D:2      | Found an ornate altar of the Wu Jian Council.
  2060 | D:2      | Found a sacrificial altar of Ru.
  2060 | D:2      | Found an ancient bone altar of Kikubaaqudgha.
  2064 | D:2      | Found a glowing golden altar of the Shining One.
  2068 | D:2      | Found a bloodstained altar of Trog.
  2069 | D:2      | Found an opulent altar of Gozag.
  2070 | D:2      | Found a white marble altar of Elyvilon.
  2076 | D:2      | Reached skill level 1 in Armour
  2076 | D:2      | Reached XP level 4. HP: 36/48 MP: 3/5
  2077 | D:2      | Found a shimmering altar of Xom.
  2407 | D:3      | Noticed Jessica
  2518 | D:3      | Killed Jessica
  2608 | D:3      | Reached XP level 5. HP: 54/54 MP: 6/6
  2747 | D:3      | Killed from afar by a white imp

Illustrated notes

Levels and vault maps discovered:
D:1:      nicolae_arrival_kraken_aquarium_b, layout_loops_ring
D:2:      layout_loops_ring, general_overflow_altar, minitemple, minmay_bisected
D:3:      layout_rooms, uniq_terence, uniq_jessica

Skill      XL: |  1  2  3  4  5 |
---------------+----------------+-----
Invocations    | 1 |  1.9
Throwing       | 1 2 |  2.0
Evocations     | 1 |  1.5
Maces & Flails | 3 |  3.1
Armour         | 1 |  1.6
Fighting       | |  4.0
Dodging        | |  2.6
Stealth        | |  1.4

Action                   |  1- 3 |  4- 6 || total
-------------------------+-------+-------++-------
Melee: Mace              |   125 |    66 ||   191
Throw: Stone             |    19 |    12 ||    31
  Use: Scroll            |     6 |     2 ||     8
 Stab: Sleeping          |     2 |     1 ||     3
Armor: Robe              |    55 |    26 ||    81
Dodge: Dodged            |    74 |    45 ||   119
